 Dungeon Crawl Stone Soup version bcrawl-1.36.4 (webtiles) character file.

Game seed: 12163004328354630601

111596 Darthill6464 the Charmwright (level 3, -3/21 HPs)
             Began as a Skeleton Skald on Aug 10, 2022.
             Slain by Sigmund
             ... wielding a +2 scythe of protection
              (8 damage)
             ... on level 2 of the Dungeon.
             The game lasted 00:00:57 (1083 turns).

Darthill6464 the Charmwright (Skeleton Skald)       Turns: 1083, Time: 00:00:57

Health: -3/21      AC:  3    Str: 18      XL:     3   Next: 12%
Magic:  0/8        EV: 12    Int: 10 (11) God:
Gold:   273        SH:  6    Dex:  8      Spells: 6/9 levels left

rFire    . . .     SeeInvis .   a - +0 trident
rCold    + . .     Gourm    .   (no shield)
rNeg     + + +     Faith    .   b - +0 leather armour
rPois    ∞         Spirit   +   (no helmet)
rElec    .         Reflect  .   (no cloak)
rCorr    .                      (no gloves)
MR       .....                  (no boots)
Stlth    +.........             d - amulet of magic regeneration
HPRegen  0.07/turn              (no ring)
MPRegen  0.19/turn              (no ring)

@: infused (expiring), singing
A: no food or potions, cold resistance 1, deterioration 1, negative energy
resistance 3, torment resistance, unbreathing, magic shield, sturdy frame 1,
spell healing
a: no special abilities


You were on level 2 of the Dungeon.
You were not hungry.

You visited 1 branch of the dungeon, and saw 2 of its levels.

You collected 273 gold pieces.

Inventory:

Hand Weapons
 a - a +0 trident (weapon)
Armour
 b - a +0 leather armour (worn)
Jewellery
 d - an amulet of magic regeneration (around neck)
Scrolls
 c - a scroll of teleportation {unknown}
 e - a scroll of fear
 f - a scroll of enchant armour {unknown}
 g - a scroll of immolation {unknown}
 h - a scroll of noise {unknown}
 i - a scroll of identify


   Skills:
 + Level 2.2 Fighting
 + Level 2.6 Polearms
 + Level 1.1 Armour
 + Level 2.2 Dodging
 + Level 0.2 Stealth
 + Level 3.6 Spellcasting
 + Level 3.8 Charms


You had 6 spell levels left.
You knew the following spells:

 Your Spells              Type           Power        Failure   Level  Hunger
a - Infusion              Chrm           #.......     5%          1    N/A
b - Song of Slaying       Chrm           #.......     9%          2    N/A

Your spell library contained the following spells:

 Spells                   Type           Power        Failure   Level  Hunger
 Swiftness                Chrm/Air       #.......     19%         2    N/A
 Ozocubu's Armour         Chrm/Ice       #.......     36%         3    N/A
 Spectral Weapon          Hex/Chrm       #.......     36%         3    N/A
 Regeneration             Chrm/Necr      Unusable     N/A         3    N/A

Dungeon Overview and Level Annotations

Branches:
Dungeon (2/12)

Altars:

Annotations:
D:2 Sigmund


Innate Abilities, Weirdness & Mutations

You do not eat or drink.
You are immune to poison.
Your flesh is cold resistant. (rC+)
Your body sometimes deteriorates upon taking damage.
You are immune to negative energy. (rN+++)
You are immune to unholy pain and torment.
You can survive without breathing.
When hurt, damage is shared between your health and your magic reserves.
Your movements are slightly less encumbered by armour. (ER -2)
Casting spells heals you.


Message History

Sigmund flickers and vanishes!
Deactivating autopickup; reactivate with Ctrl-A.
A leopard gecko comes into view.
Something hits you!
You are too injured to fight recklessly!
You are too injured to fight recklessly!
You are too injured to fight recklessly!
You hit the kobold.
The kobold is severely wounded.
The kobold misses you.
You puncture the kobold!
You kill the kobold!
Your magical infusion is running out.
Something hits you.
* * * LOW HITPOINT WARNING * * *
The leopard gecko bites you but does no damage.
You hit the leopard gecko.
The leopard gecko is almost dead.
Something hits you!
You die...

.# ## .# ##.%
### .# .....
##.###.#
#....#l@.#..#
##. #.{%#....#
#.. ##.###..##
###.. ###....#
....###.###..#
#..#...#...###
##...........#
##...######.#.#
.##.....####
##.# ##


You could see a leopard gecko.

Vanquished Creatures
  A dart slug (D:1)
  2 leopard geckos
  6 bats
  3 goblins (D:1)
  6 hobgoblins
  2 ball pythons (D:1)
  4 frilled lizards
  3 kobolds
  A rat (D:2)
28 creatures vanquished.

Notes
Turn   | Place    | Note
-------+----------+-------------------------------------------
     0 | D:1      | Darthill6464 the Skeleton Skald began the quest for the
                  | Orb.
     0 | D:1      | Reached XP level 1. HP: 12/12 MP: 4/4
   196 | D:1      | Reached XP level 2. HP: 17/17 MP: 3/6
   978 | D:2      | Learned a level 2 spell: Song of Slaying
  1024 | D:2      | Reached XP level 3. HP: 21/21 MP: 8/8
  1074 | D:2      | Noticed Sigmund
  1083 | D:2      | Slain by Sigmund

Action                   || total
-------------------------++-------
Melee: Trident           ||    71
 Cast: Infusion          ||    16
       Song of Slaying   ||     3
Armor: Leather armour    ||    16
Dodge: Dodged            ||    38
Block: Other             ||     2
